 Dungeon Crawl Stone Soup version 0.18-a0-1109-gfc003ac (webtiles) character file.

903 xgamer67 the Slasher (level 8, 0/52 HPs)
             Began as an Octopode Fighter on Jan 16, 2016.
             Was a Follower of Pakellas.
             Slain by a sky beast (6 damage)
             ... on level 5 of the Dungeon.
             The game lasted 00:11:54 (4930 turns).

xgamer67 the Slasher (Octopode Fighter)             Turns: 4930, Time: 00:11:55

Health: 0/52       AC:  4    Str: 15    XL:     8   Next: 7%
Magic:  8/8        EV: 11    Int: 11    God:    Pakellas [*.....]
Gold:   227        SH:  9    Dex: 13    Spells: 0 memorised, 7 levels left

rFire  . . .     SeeInvis .     a - +0 long sword
rCold  + . .     Gourm    .     F - +0 shield (curse)
rNeg   . . .     Faith    .     (helmet restricted)
rPois  .         Spirit   .     (no amulet)
rElec  .         Dismiss  .     D - +3 ring of protection
rCorr  .         Reflect  .     A - ring of protection from cold
SustAt .         Harm     .     (no ring)
MR     .....                    (no ring)
Stlth  ++++......               (no ring)
                                (no ring)
                                (no ring)
                                (no ring)

@: not resistant to hostile enchantments, stealthy
A: almost no armour, amphibious, 8 rings, constrict 8, camouflage 1, gelatinous
body 1
a: Quick Charge, Renounce Religion


You were on level 5 of the Dungeon.
You worshipped Pakellas.
Pakellas was aware of your devotion.
You were not hungry.

You visited 1 branch of the dungeon, and saw 5 of its levels.

You collected 227 gold pieces.

Inventory:

Hand Weapons
 a - a +0 long sword (weapon)
 b - a +0 dagger
Missiles
 e - a javelin (quivered)
 g - 32 poisoned needles
Armour
 F - a cursed +0 shield (worn)
Jewellery
 A - a ring of protection from cold (right tentacle)
 D - a +3 ring of protection (left tentacle)
Wands
 y - a wand of disintegration (10/24)
 E - a wand of draining (13/15)
Scrolls
 i - a scroll of enchant armour
 n - a scroll of fog
 o - 3 scrolls of remove curse
 q - a scroll of fear
 r - a scroll of magic mapping
 u - 2 scrolls of enchant weapon
 v - a scroll of immolation
 x - a scroll of recharging
 z - a scroll of teleportation
 C - a scroll of noise
Potions
 c - 3 potions of might
 f - a potion of magic
 h - 2 potions of curing
 k - a potion of ambrosia {unknown}
 m - a potion of agility {unknown}
 s - a potion of lignification {unknown}
 w - a potion of flight {unknown}
 B - a potion of poison {unknown}
Comestibles
 d - 3 bread rations
 j - 2 beef jerkies
 l - a chunk of flesh
 p - 2 slices of pizza
 t - 5 meat rations


   Skills:
 - Level 3.0 Fighting
 * Level 7.9 Long Blades
 - Level 3.0 Dodging
 - Level 5.0 Stealth
 - Level 4.0 Shields


You had 7 spell levels left.
You didn't know any spells.

Dungeon Overview and Level Annotations

Branches:
Dungeon (5/15)
 Temple: D:4-7

Altars:
Dithmenos
Pakellas


Innate Abilities, Weirdness & Mutations

You cannot wear most types of armour.
You are amphibious.
You can wear up to eight rings at the same time.
You can use your tentacles to constrict eight enemies at once.
Your skin changes colour to match your surroundings (Stealth).
Your rubbery body absorbs attacks (AC +1).


Message History

The sky beast flickers out of sight!
Deactivating autopickup; reactivate with Ctrl-A.
Something hits you but does no damage. x2
No target in view!
No target in view!
You slash something! Something hits you. Something shocks you.
You closely miss something. Something hits you but does no damage.
You closely miss something. Your squeeze misses something. Something hits you.
Something shocks you.
You hit something but do no damage. You squeeze something!
You block its attack.
You closely miss something. Your squeeze misses something. Something hits you.
* * * LOW HITPOINT WARNING * * *
Something shocks you.
* * * LOW HITPOINT WARNING * * *
Your shield prevents you from hitting something.
You squeeze something. Something hits you.
* * * LOW HITPOINT WARNING * * *
Something shocks you.
You die...

#.......##.##..
#.....#.#._.#.#
####'##.......#
###'###.....##
#.....##...##
#####......#####
#.. #..........
#{# #..........
#@# #..........
#)# ###'#######
#######.# #.###
........#####...#
..............#.#
#############.#.#
#>.........#.#
#........#.#.#
########.#.#.#


There were no monsters in sight!

Vanquished Creatures
  Sigmund (D:4)
  Edmund (D:4)
  2 ice beasts (D:5)
  A crimson imp (D:5)
  2 hounds (D:4)
  A giant frog skeleton (D:4)
  Jessica (D:2)
  Terence (D:2)
  An orc wizard (D:4)
  2 worker ants (D:4)
  A hound skeleton (D:4)
  3 gnolls (D:4)
  5 adders
  An adder skeleton (D:4)
  2 worms (D:2)
  2 giant geckos
  6 orcs
  4 bats
  6 giant cockroaches
  11 goblins
  5 hobgoblins
  19 jackals
  10 kobolds
  2 quokkas
  3 giant newts
  A jackal skeleton (D:5)
  A quokka zombie (D:5)
  4 rats
99 creatures vanquished.

Notes
Turn   | Place    | Note
--------------------------------------------------------------
     0 | D:1      | xgamer67 the Octopode Fighter began the quest for the Orb.
     0 | D:1      | Reached XP level 1. HP: 16/16 MP: 1/1
   209 | D:1      | Reached XP level 2. HP: 21/21 MP: 2/2
  1119 | D:2      | Reached skill level 1 in Stealth
  1151 | D:2      | Reached XP level 3. HP: 24/26 MP: 3/3
  1511 | D:2      | Noticed Jessica
  1527 | D:2      | Killed Jessica
  1527 | D:2      | Reached XP level 4. HP: 31/31 MP: 4/4
  1690 | D:2      | Noticed Terence
  1864 | D:3      | Reached skill level 4 in Long Blades
  2181 | D:4      | Reached XP level 5. HP: 32/36 MP: 5/5
  2182 | D:4      | Noticed Edmund
  2278 | D:4      | Found an oddly glowing altar of Pakellas.
  2286 | D:4      | Became a worshipper of Pakellas the Inventive
  2853 | D:2      | Killed Terence
  3442 | D:4      | Reached XP level 6. HP: 33/42 MP: 6/6
  3552 | D:4      | Reached skill level 5 in Stealth
  3559 | D:4      | Reached skill level 5 in Long Blades
  3572 | D:4      | Noticed Sigmund
  3712 | D:4      | Reached * piety under Pakellas
  4298 | D:4      | Killed Sigmund
  4298 | D:4      | Reached skill level 6 in Long Blades
  4298 | D:4      | Reached XP level 7. HP: 46/46 MP: 7/7
  4417 | D:4      | Killed Edmund
  4480 | D:5      | Entered Level 5 of the Dungeon
  4826 | D:5      | Reached skill level 7 in Long Blades
  4846 | D:5      | Found a shadowy altar of Dithmenos.
  4878 | D:5      | Reached XP level 8. HP: 38/52 MP: 8/8
  4930 | D:5      | Slain by a sky beast

Vault maps used:
D:1:      dpeg_arrival_prison
D:2:      first_bread, serial_forest, infiniplex_forest_end_double,
          infiniplex_forest_lined_corner, infiniplex_forest_lined_2,
          infiniplex_forest_lined_room_, infiniplex_forest_diagonal,
          infiniplex_forest_join, uniq_jessica, uniq_terence
D:4:      grunt_pakellas_salt, uniq_sigmund, uniq_edmund
D:5:      serial_shops, shop, nicolae_dithmenos_through_a_glass_darkly

Action                   |  1- 3 |  4- 6 |  7- 9 || total
-------------------------+-------+-------+-------++-------
Melee: Long sword        |    64 |   103 |    36 ||   203
Throw: Javelin           |       |     3 |       ||     3
Invok: Quick Charge      |       |       |     3 ||     3
Evoke: Wand              |       |     2 |    10 ||    12
  Use: Scroll            |     3 |     7 |     1 ||    11
       Potion            |       |     1 |     1 ||     2
 Stab: Sleeping          |     3 |     6 |     3 ||    12
       Distracted        |     1 |       |       ||     1
  Eat: Chunk             |     2 |     8 |     3 ||    13
